 Dungeon Crawl Stone Soup version 0.15-a0-1646-g393eda0 (console) character file.

108 MrRokkomies the Slasher (level 5, -2/41 HPs)
             Began as a Formicid Abyssal Knight on June 22, 2014.
             Was a Follower of Lugonu.
             Killed from afar by Ijyb (16 damage)
             ... with a wand of draining
             ... on Level 3 of the Dungeon.
             The game lasted 00:07:20 (1966 turns).

MrRokkomies the Slasher (Formicid Abyssal Knight)   Turns: 1966, Time: 00:07:20

HP  -2/41        AC  5     Str 17      XL: 5   Next: 12%
MP   8/8         EV 10     Int 12      God: Lugonu [*.....]
Gold 109         SH  0     Dex 10      Spells:  0 memorised,  4 levels left

rFire  . . .     SeeInvis +     n - +0 long sword (vamp)
rCold  . . .     Clarity  .     b - +0 leather armour
rNeg   . . .     rCorr    .     (no shield)
rPois  .         rRot     .     (helmet unavailable)
rElec  .         Spirit   .     (no cloak)
SustAb .         Warding  .     l - +1 pair of gloves
rMut   .         Stasis   +     (no boots)
Gourm  .                        (no amulet)
MR     .....                    (no ring)
                                (no ring)

@: heavily drained, not resistant to hostile enchantments, very unstealthy
A: permanent stasis, dig shafts and tunnels, four strong arms, antennae 3
a: Dig, Shaft Self, Depart the Abyss, Renounce Religion


You were on level 3 of the Dungeon.
You worshipped Lugonu.
Lugonu was aware of your devotion.
You were not hungry.

You visited 1 branch of the dungeon, and saw 3 of its levels.
You visited the Abyss 1 time.

You collected 109 gold pieces.

Inventory:

Hand weapons
 n - a +0 vampiric long sword (weapon)
Missiles
 i - 37 bolts
Armour
 b - a +0 leather armour (worn)
 l - a +1 pair of gloves (worn)
Comestibles
 c - a bread ration
 d - 2 meat rations
 f - a beef jerky
Scrolls
 a - 2 scrolls of identify
Potions
 e - 2 potions of curing
 k - a potion of restore abilities


   Skills:
 - Level 3.2(1.3) Fighting
 + Level 3.9(1.9) Long Blades
 + Level 3.8(1.8) Armour
 - Level 0.8(0.0) Dodging
 - Level 2.1(0.3) Invocations


You had 4 spell levels left.
You didn't know any spells.

Dungeon Overview and Level Annotations

Branches:
Dungeon (3/15)

Altars:
Makhleb

Annotations:
D:3 Ijyb


Innate Abilities, Weirdness & Mutations

Your are under a permanent stasis effect.
You can dig through walls and to a lower floor.
Your four strong arms can wield two-handed weapons with a shield.
You have a pair of large antennae on your head (SInv).


Message History

Ijyb hits you but does no damage.
You barely miss Ijyb.
Ijyb zaps a wand.
The bolt of negative energy hits you!
You feel drained.
You closely miss Ijyb. Ijyb closely misses you.
You hit Ijyb but do no damage.
Ijyb zaps a wand.
The bolt of negative energy hits you!
You feel drained.
* * * LOW HITPOINT WARNING * * *
Ijyb zaps a wand.
The bolt of negative energy hits you!
You feel drained.
* * * LOW HITPOINT WARNING * * *
You are too injured to fight recklessly!
You are too injured to fight recklessly!
Drink which item? (? for menu, Esc to quit)
You feel better. Ijyb hits you but does no damage.
Drink which item? (? for menu, Esc to quit)
You can't drink that!
Drink which item? (? for menu, Esc to quit)
You feel better.
Ijyb screams, "Die!"
Ijyb zaps a wand.
The bolt of negative energy hits you!
You feel drained.
You die...

..#####.######
#........
#............#
#####........
#.......####.#
....##.......
#.......#
#.#.....###....<.
#.......####.#.....#
#####.#
..................#
..#
.......###.#.....#
####
......###.#......
.......g@.# .....
......##..# .....
... ##.# #.. # #..
#.## ... #.# ... .


You could see Ijyb.

Vanquished Creatures
  A hound (D:2)
  3 adders (D:2)
  An inept item mimic (D:2)
  A worm (D:2)
  An orc (D:3)
  2 giant cockroaches (D:2)
  A goblin (D:2)
  8 hobgoblins
  7 jackals (D:2)
  A quokka (D:2)
  8 bats
  3 rats
37 creatures vanquished.

Notes
Turn   | Place    | Note
--------------------------------------------------------------
     0 | Abyss:1  | MrRokkomies, the Formicid Abyssal Knight, began the quest for the Orb.
     0 | Abyss:1  | Reached XP level 1. HP: 18/18 MP: 1/1
     0 | D:1      | Escaped the Abyss
    66 | D:1      | Acquired Lugonu's first power
   451 | D:1      | Reached XP level 2. HP: 17/24 MP: 3/3
   926 | D:2      | Reached XP level 3. HP: 4/29 MP: 5/5
  1259 | D:2      | Reached XP level 4. HP: 18/35 MP: 6/6
  1569 | D:2      | Found a burning altar of Makhleb.
  1733 | D:2      | Reached XP level 5. HP: 41/41 MP: 8/8
  1960 | D:3      | Noticed Ijyb
  1966 | D:3      | Killed from afar by Ijyb

Action                   |  1- 3 |  4- 6 || total
-------------------------+-------+-------++-------
Melee: Falchion          |    82 |     1 ||    83
       Long sword        |       |    65 ||    65
Invok: Depart the Abyss  |     1 |       ||     1
  Use: Scroll            |     4 |     1 ||     5
       Potion            |       |     2 ||     2
